 Dungeon Crawl Stone Soup version 0.29.1-2-gbd0b4ee654 (webtiles) character file.

Game seed: 13098797680940122511

15 GorkyZ the Trooper (level 2, 0/19 HPs)
             Began as a Gargoyle Fighter on Nov 29, 2022.
             Slain by a quokka (3 damage)
             ... on level 1 of the Dungeon.
             The game lasted 00:01:00 (158 turns).

GorkyZ the Trooper (Gargoyle Fighter)                Turns: 158, Time: 00:01:01

Health: 0/19       AC:  9    Str: 19    XL:     2   Next: 50%
Magic:  2/2        EV:  9    Int:  8    God:
Gold:   29         SH:  4    Dex:  9    Spells: 1/1 levels left

rFire   . . .      SeeInvis .   a - +0 war axe
rCold   . . .      Faith    .   c - +0 buckler
rNeg    + . .      Spirit   .   b - +0 scale mail
rPois   ∞          Reflect  .   (no helmet)
rElec   +          Harm     .   (no cloak)
rCorr   .          Rampage  .   (no gloves)
Will    .....                   (no boots)
Stlth   ..........              (no amulet)
HPRegen 0.06/turn               (no ring)
MPRegen 0.08/turn               (no ring)

@: no status effects
A: sickness immunity, AC +2, negative energy resistance 1, electricity
resistance, torment resistance 1, petrification resistance
a: no special abilities


You were on level 1 of the Dungeon.
You visited 1 branch of the dungeon, and saw 1 of its levels.

You collected 29 gold pieces.

Inventory:

Hand Weapons
 a - a +0 war axe (weapon)
Armour
 b - a +0 scale mail (worn)
 c - a +0 buckler (worn)
Scrolls
 g - a scroll of fear {unknown}
Potions
 d - a potion of might
 e - 2 potions of heal wounds {unknown}
 f - a potion of curing {unknown}


   Skills:
 + Level 3.5 Fighting
 + Level 2.0 Axes
 + Level 3.5 Armour
 + Level 3.5 Shields


You had one spell level left.
You didn't know any spells.
Your spell library was empty.

Dungeon Overview and Level Annotations

Branches:
Dungeon (1/15)

Altars:


Innate Abilities, Weirdness & Mutations

You are immune to sickness and miasma.
Your stone body is resilient. (AC +2)
You are immune to poison.
You resist negative energy. (rN+)
You are resistant to electric shocks. (rElec)
You are resistant to unholy torment.
You are immune to petrification.


Message History

You kill the goblin!
The quokka bites you. You block the quokka's attack.
You barely miss the quokka.
The quokka is heavily wounded.
You closely miss the goblin.
The quokka bites you but does no damage.
The goblin hits you but does no damage.
You barely miss the quokka.
The quokka is heavily wounded.
You closely miss the goblin. The quokka barely misses you.
The goblin hits you but does no damage. The quokka barely misses you.
You closely miss the quokka.
The quokka is heavily wounded.
You closely miss the goblin. You hit the endoplasm. The endoplasm freezes you.
You are frozen.
The goblin closely misses you. The quokka barely misses you.
The endoplasm hits you. You block the goblin's attack.
The quokka barely misses you.
You barely miss the endoplasm.
The endoplasm is heavily wounded.
You hit the goblin. You barely miss the quokka. The quokka barely misses you.
The endoplasm misses you. You block the goblin's attack.
You slash the endoplasm!
You kill the endoplasm!
You closely miss the quokka. You hit the goblin.
You kill the goblin!
The quokka bites you but does no damage. x2
You closely miss the quokka.
The quokka is moderately wounded.
The quokka bites you but does no damage.
The quokka bites you.
You miss the quokka.
The quokka is lightly wounded.
The quokka bites you.
* * * LOW HITPOINT WARNING * * *
The quokka bites you but does no damage.
You barely miss the quokka.
The quokka is lightly wounded.
The quokka bites you.
You die...

.........).....[.#†#
..............##.#.##.
#####...########......
#...# #...... #...#
#...... #...# ##.##..
##...### #.# ##
##......# #.#
#.)@....# #..
#.)#r#..# ###
.......#..#
..#.....##..# $..#...
..# #.#..... .#
....... . ..>.


You could see a quokka.

Vanquished Creatures
  3 endoplasms (D:1)
  A giant cockroach (D:1)
  4 goblins (D:1)
  2 hobgoblins (D:1)
  2 kobolds (D:1)
  A rat (D:1)
13 creatures vanquished.

Notes
Turn   | Place    | Note
-------+----------+-------------------------------------------
     0 | D:1      | GorkyZ the Gargoyle Fighter began the quest for the Orb.
     0 | D:1      | Reached XP level 1. HP: 14/14 MP: 1/1
    97 | D:1      | Reached XP level 2. HP: 17/19 MP: 2/2
   158 | D:1      | Slain by a quokka

Illustrated notes

Levels and vault maps discovered:
D:1:      lemuel_arrival_room, layout_loops_cross,
          hellmonk_ecumenical_altar_watching_god

Skill      XL: |  1  2 |
---------------+-------+-----
Axes           | 2 |  2.0
Fighting       | |  3.5
Armour         | |  3.5
Shields        | |  3.5

Action                   || total
-------------------------++-------
Melee: War axe           ||    33
Armor: Scale mail        ||    26
Dodge: Dodged            ||    25
Block: Buckler           ||     6
